 Dungeon Crawl Stone Soup version 0.28.0-53-g5a82cb258f (webtiles) character file.

Game seed: 7236883856381245010

18123 wingedge the Protected (level 12, -1/108 HPs)
             Began as a Minotaur Fighter on May 24, 2022.
             Was a High Priest of Fedhas.
             Slain by pkoi's ghost (2 damage)
             ... while petrified by pkoi's ghost
             ... on level 11 of the Dungeon on May 25, 2022.
             The game lasted 01:06:12 (12807 turns).

wingedge the Protected (Minotaur Fighter)          Turns: 12807, Time: 01:06:12

Health: -1/108     AC: 22    Str: 35    XL:     12   Next: 24%
Magic:  17/17      EV:  2    Int:  5    God:    Fedhas [*****.]
Gold:   704        SH:  0    Dex:  7    Spells: 15/15 levels left

rFire   + . .      SeeInvis +   P - +5 scythe "Finisher" {speed, eviscerate}
rCold   x . .      Faith    .   (shield currently unavailable)
rNeg    + + +      Spirit   .   O - +1 plate armour {rF+}
rPois   ∞          Reflect  .   m - +2 hat
rElec   +          Harm     .   N - +0 cloak of the Snake Pit {rElec rN+ Dex-5}
rCorr   +          Rampage  .   A - +0 pair of gloves
Will    .....                   G - +0 pair of boots "Geroubraso" {rC- rCorr Str+5 SInv}
Stlth   ..........              o - amulet of magic regeneration
HPRegen 0.28/turn               B - +6 ring of strength
MPRegen 0.55/turn               (no ring)

@: petrified, slowed
A: horns 2, retaliatory headbutt
a: Renounce Religion, Wall of Briars, Grow Ballistomycete, Overgrow, Grow Oklob


You were on level 11 of the Dungeon.
You worshipped Fedhas.
Fedhas was extremely pleased with you.
You visited 2 branches of the dungeon, and saw 12 of its levels.
You also visited: Sewer and Ossuary.

You collected 704 gold pieces.

Inventory:

Hand Weapons
 w - a +0 shortbow
 z - a +1 flail of protection
 P - the +5 scythe "Finisher" (weapon) {speed, eviscerate}
   (You found it on level 7 of the Dungeon)

   Attacks with this weapon are significantly faster.
   It may eviscerate those it strikes, slaying them instantly, with a decreasing
   chance against stronger foes.
 R - a +6 halberd
Missiles
 d - 4 datura-tipped darts
 k - 102 arrows
 l - 33 bolts
 u - 5 boomerangs (quivered)
Armour
 c - a +0 buckler
 m - a +2 hat (worn)
 A - a +0 pair of gloves (worn)
 C - the +1 ring mail "Suqamuid" {rC++}
   (You found it on level 10 of the Dungeon)

   rC:        It greatly protects you from cold.
 G - the +0 pair of boots "Geroubraso" (worn) {rC- rCorr Str+5 SInv}
   (You found it in a sewer)

   Str:       It affects your strength (+5).
   rC:        It makes you vulnerable to cold.
   SInv:      It lets you see invisible.
   rCorr:     It protects you from acid and corrosion.
 I - a +0 pair of boots
 N - the +0 cloak of the Snake Pit (worn) {rElec rN+ Dex-5}
   (You found it on level 7 of the Dungeon)

   Dex:       It affects your dexterity (-5).
   rElec:     It insulates you from electricity.
   rN:        It protects you from negative energy.
 O - a +1 plate armour of fire resistance (worn)
 S - a +2 ring mail of cold resistance
Jewellery
 j - an amulet of guardian spirit
 o - an amulet of magic regeneration (around neck)
 B - a +6 ring of strength (left hand)
Wands
 a - a wand of iceblast (8)
 r - a wand of paralysis (4)
 t - a wand of digging (6)
 y - a wand of polymorph (8)
Scrolls
 b - a scroll of amnesia
 e - 10 scrolls of teleportation
 f - a scroll of silence
 g - 2 scrolls of summoning {unknown}
 i - 2 scrolls of immolation {unknown}
 n - 4 scrolls of fear
 q - 4 scrolls of enchant weapon
 s - 2 scrolls of fog {unknown}
 v - 2 scrolls of holy word
 H - 4 scrolls of blinking
 J - 4 scrolls of magic mapping {unknown}
 K - 5 scrolls of enchant armour
 X - 3 scrolls of acquirement {unknown}
Potions
 p - a potion of lignification
 x - 2 potions of resistance
 D - a potion of berserk rage
 E - 2 potions of flight
 F - 2 potions of mutation
 W - a potion of haste
 Z - 2 potions of invisibility


   Skills:
 + Level 10.8 Fighting
 - Level 3.0 Short Blades
 - Level 2.6(9.2) Axes
 - Level 8.9(9.1) Maces & Flails
 * Level 10.4(10.6) Polearms
 - Level 2.0 Throwing
 * Level 11.1 Armour
 - Level 2.0 Dodging
 - Level 8.0 Shields
 - Level 2.0 Spellcasting
 + Level 8.3 Invocations
 + Level 0.9 Evocations


You had 15 spell levels left.
You didn't know any spells.
Your spell library contained the following spells:

 Spells                   Type           Power      Damage    Failure   Level
 Freeze                   Ice            0%         1d3       92%         1
 Magic Dart               Conj           0%         1d3       92%         1
 Sandblast                Erth           0%         2d4       92%         1
 Sting                    Tmut/Pois      0%         1d3       92%         1
 Summon Small Mammal      Summ           0%         N/A       92%         1
 Call Imp                 Summ           0%         N/A       98%         2
 Poisonous Vapours        Pois/Air       0%         N/A       98%         2
 Call Canine Familiar     Summ           0%         N/A       100%        3
 Frozen Ramparts          Ice            0%         1d2       100%        3
 Inner Flame              Hex/Fire       0%         N/A       100%        3
 Mephitic Cloud           Conj/Pois/Air  0%         N/A       100%        3
 Ozocubu's Armour         Ice            0%         N/A       100%        3
 Summon Guardian Golem    Hex/Summ       0%         N/A       100%        3
 Cause Fear               Hex            0%         N/A       100%        4
 Hailstorm                Conj/Ice       0%         3d3       100%        4
 Leda's Liquefaction      Hex/Erth       0%         N/A       100%        4
 Olgreb's Toxic Radiance  Pois           0%         N/A       100%        4
 Fireball                 Conj/Fire      0%         3d3       100%        5
 Lee's Rapid Deconstruct  Erth           0%         3d5*      100%        5
 Metabolic Englaciation   Hex/Ice        0%         N/A       100%        5
 Eringya's Noxious Bog    Tmut/Pois      0%         N/A       100%        6
 Simulacrum               Ice/Necr       0%         N/A       100%        6
 Starburst                Conj/Fire      0%         6d3       100%        6
 Statue Form              Tmut/Erth      0%         N/A       100%        6
 Discord                  Hex            0%         N/A       100%        8
 Ignition                 Fire           0%         3d3       100%        8


Dungeon Overview and Level Annotations

Branches:
Dungeon (11/15)            Temple (0/1) D:5            Lair (1/6) D:9
  Sewer (visited)         Ossuary (visited)
    Orc: D:9-12

Altars:
Cheibriados
Fedhas
Gozag
Vehumet
Wu Jian
Zin

Annotations:
D:4 exclusion: statue
D:11 pkoi's ghost, novice DgEE


Innate Abilities, Weirdness & Mutations

You have a pair of horns on your head.
You reflexively headbutt those who attack you in melee.


Message History

The wraith is struck by your briar patch's thorns.
The wraith hits your briar patch but does no damage.
Pkoi's ghost gestures at you while chanting.
You resist with significant effort.
Pkoi's ghost screams, "Death is your only future!"
Pkoi's ghost gestures at you while chanting.
You resist with significant effort.
You have turned to stone.
Pkoi's ghost hits you but does no damage.
The minotaur hits you!!
* * * LOW HITPOINT WARNING * * *
The minotaur gores you.
* * * LOW HITPOINT WARNING * * *
The centaur warrior zombie is struck by your briar patch's thorns.
The centaur warrior zombie hits your briar patch but does no damage.
The centaur warrior zombie kicks your briar patch but does no damage.
The wraith hits your briar patch. Pkoi's ghost hits you.
The centaur warrior zombie hits your briar patch.
The centaur warrior zombie kicks your briar patch but does no damage.
The minotaur hits you. The minotaur gores you.
The wraith hits your briar patch.
The wraith drains your briar patch's vigour!
Pkoi's ghost hits you but does no damage.
The centaur warrior zombie hits your briar patch but does no damage.
The centaur warrior zombie kicks your briar patch but does no damage.
The minotaur barely misses you. The minotaur gores you.
* * * LOW HITPOINT WARNING * * *
The wraith hits your briar patch!
The centaur warrior zombie hits your briar patch but does no damage.
The centaur warrior zombie kicks your briar patch but does no damage.
Pkoi's ghost hits you but does no damage.
The minotaur hits you!!
* * * LOW HITPOINT WARNING * * *
The minotaur gores you but does no damage.
The wraith is struck by your briar patch's thorns.
The wraith hits your briar patch but does no damage.
The centaur warrior zombie hits your briar patch.
The centaur warrior zombie kicks your briar patch but does no damage.
Pkoi's ghost hits you.
You die...
Fedhas appreciates your contribution to the ecosystem.

....# #. ....# #. ### ##.
....# #. #.. ..# #
....#########..#.##..#.#
...............#.......#
...............###'''###.#
.....#### #......P.P.....#
.....# #......PZP.....#
.....# #.....@WW..>....
.....# #......H........
.....# #........#######
....... ..........+
........ ..........+
...................#
...................#
...........


You could see a minotaur (strong), a wraith (ally target), pkoi's ghost and a
centaur warrior zombie (ally target).

Vanquished Creatures
  A catoblepas (D:9)
  The ghost of pkoi the Martial Artist, a novice DgGl (D:8)
  A two-headed ogre (D:9)
  5 death yaks (D:9)
  A skeletal warrior (D:7)
  The ghost of rumses the Chopper, a novice HOFi of Trog (D:5)
  Pikel (D:9)
  A wizard (D:9)
  A deep elf pyromancer (D:11)
  Joseph (D:7)
  A gargoyle (D:10)
  Maggie (D:9)
  An unseen horror (D:10)
  2 trolls (D:9)
  2 hornets
  A slime creature (D:9)
  A vampire (D:9)
  3 yaks (D:10)
  9 wraiths
  2 wyverns (D:9)
  3 steam dragons
  Eustachio (D:5)
  3 vampire mosquitoes (D:9)
  Menkaure (D:6)
  4 acid dragons
  A water moccasin (D:7)
  6 orc warriors
  A black bear (D:8)
  4 sky beasts
  2 ice beasts (D:7)
  An ogre (D:6)
  3 necrophages
  4 centaurs
  A lemure (D:9)
  2 kobold brigands (D:9)
  4 bullfrogs
  A gnoll sergeant (D:9)
  2 wyvern zombies (Ossuary)
  A scorpion (D:7)
  A wyvern skeleton (D:6)
  A water moccasin zombie (Ossuary)
  7 killer bees
  7 wights
  A howler monkey (D:9)
  12 bullfrog zombies
  6 centaur zombies
  2 hounds
  4 orc priests
  A bullfrog skeleton (D:6)
  A centaur skeleton (D:4)
  2 gnoll shamans
  An iron imp (D:4)
  3 iguanas
  7 orc wizards
  A killer bee zombie (D:8)
  3 howler monkey zombies
  6 mummies (Ossuary)
  Robin (D:3)
  16 gnolls
  2 howler monkey skeletons
  13 adders
  3 river rats
  A shadow imp (D:7)
  A white imp (D:7)
  An adder skeleton (D:4)
  4 worms
  2 dart slugs
  26 orcs
  9 ball pythons
  15 bats
  9 endoplasms
  5 giant cockroaches
  9 goblins
  7 hobgoblins
  7 jackals
  11 kobolds
  7 quokkas
  3 frilled lizards
  8 rats
308 creatures vanquished.

Vanquished Creatures (collateral kills)
  A hobgoblin (D:4)
  29 ballistomycete spores
30 creatures vanquished.

Vanquished Creatures (others)
  2 ballistomycete spores (D:9)
  11 withered plants (Ossuary)
13 creatures vanquished.

Grand Total: 351 creatures vanquished

Notes
Turn   | Place    | Note
-------+----------+-------------------------------------------
     0 | D:1      | wingedge the Minotaur Fighter began the quest for the Orb.
     0 | D:1      | Reached XP level 1. HP: 19/19 MP: 0/0
   368 | D:1      | Reached XP level 2. HP: 26/27 MP: 1/1
   483 | D:1      | Reached skill level 1 in Short Blades
   493 | D:1      | Reached skill level 4 in Armour
   632 | D:1      | Reached XP level 3. HP: 31/33 MP: 2/2
   889 | D:1      | Found a faded altar of an unknown god.
   896 | D:1      | Prayed at the altar of an unknown god.
   896 | D:1      | Became a worshipper of Fedhas Madash
   896 | D:1      | Reached * piety under Fedhas
  1332 | D:2      | Reached XP level 4. HP: 40/40 MP: 3/3
  1765 | D:3      | Noticed Robin
  1783 | D:3      | Killed Robin
  2088 | D:3      | Found a glowing silver altar of Zin.
  2097 | D:3      | Reached ** piety under Fedhas
  2465 | D:3      | Found an opulent altar of Gozag.
  2623 | D:4      | Found a radiant altar of Vehumet.
  2623 | D:4      | Noticed a charred statue
  2648 | D:4      | Reached XP level 5. HP: 33/47 MP: 4/4
  2899 | D:4      | Reached skill level 1 in Invocations
  3137 | D:4      | Found a snail-covered altar of Cheibriados.
  3144 | D:4      | Reached skill level 1 in Maces & Flails
  3439 | D:4      | Reached XP level 6. HP: 54/55 MP: 6/6
  3465 | D:4      | Noticed a hornet
  3475 | D:4      | Killed a hornet
  3476 | D:4      | Reached skill level 5 in Fighting
  3476 | D:4      | Reached skill level 5 in Armour
  3476 | D:4      | Reached skill level 5 in Shields
  3865 | D:4      | Reached XP level 7. HP: 61/61 MP: 8/8
  4087 | D:5      | Entered Level 5 of the Dungeon
  4398 | D:5      | Found a staircase to the Ecumenical Temple.
  4415 | D:5      | Found a runed translucent door.
  4415 | D:5      | Noticed rumses's ghost (novice HOFi)
  4439 | D:5      | Killed rumses's ghost
  4440 | D:5      | Reached XP level 8. HP: 12/70 MP: 8/10
  4497 | D:5      | Noticed Eustachio
  4517 | D:5      | Killed Eustachio
  4518 | D:5      | Reached skill level 5 in Maces & Flails
  4518 | D:5      | Reached skill level 6 in Armour
  4664 | D:5      | Found a glowing drain.
  4684 | Sewer    | Entered a sewer
  4871 | Sewer    | Reached *** piety under Fedhas
  5177 | Sewer    | Identified the +0 pair of boots "Geroubraso" {rC- rCorr
                  | Str+5 SInv}
  5760 | D:6      | Found a sand-covered staircase.
  5764 | Ossuary  | Entered an ossuary
  5846 | Ossuary  | Reached XP level 9. HP: 76/78 MP: 11/11
  5887 | Ossuary  | Reached **** piety under Fedhas
  6059 | Ossuary  | Reached skill level 5 in Invocations
  6160 | D:6      | Found an ornate altar of the Wu Jian Council.
  6336 | D:6      | Noticed Menkaure
  6345 | D:6      | Killed Menkaure
  6346 | D:6      | Reached skill level 7 in Armour
  6590 | D:6      | Reached skill level 1 in Spellcasting
  7375 | D:7      | Identified the +0 cloak of the Snake Pit {rElec rN+ Dex-5}
  7402 | D:7      | Noticed Joseph
  7443 | D:7      | Killed Joseph
  7444 | D:7      | Reached skill level 1 in Throwing
  7583 | D:7      | Reached XP level 10. HP: 87/88 MP: 13/13
  7884 | D:7      | Reached ***** piety under Fedhas
  8337 | D:7      | Reached skill level 1 in Polearms
  8337 | D:7      | Reached skill level 8 in Armour
  8339 | D:7      | Got the Handbook of Mutagenic Earth
  8362 | D:7      | Noticed a skeletal warrior
  8374 | D:7      | Killed a skeletal warrior
  8726 | D:7      | Found the +5 scythe "Finisher" {speed, eviscerate}
  8993 | D:8      | Noticed pkoi's ghost (novice DgGl)
  8996 | D:8      | Found a transporter.
  9005 | D:8      | Found a transporter.
  9311 | D:8      | Reached skill level 5 in Polearms
  9679 | D:8      | You fall into a shaft and drop 3 floors!
  9694 | D:10     | Entered Level 10 of the Dungeon
  9708 | D:10     | Reached skill level 9 in Armour
  9836 | D:10     | Noticed a gargoyle
  9841 | D:10     | Killed a gargoyle
 10215 | D:9      | Noticed a death yak
 10216 | D:9      | Noticed Pikel
 10313 | D:8      | Reached XP level 11. HP: 91/97 MP: 10/14
 10324 | D:8      | Killed pkoi's ghost
 10379 | D:9      | Noticed a death yak
 10379 | D:9      | Noticed a death yak
 10381 | D:9      | Noticed a death yak
 10384 | D:9      | Noticed a death yak
 10394 | D:9      | Killed a death yak
 10739 | D:9      | Killed Pikel
 10747 | D:9      | Killed a death yak
 10748 | D:9      | Killed a death yak
 10749 | D:9      | Killed a death yak
 10749 | D:9      | Noticed Maggie
 10750 | D:9      | Reached skill level 10 in Fighting
 10750 | D:9      | Reached skill level 10 in Armour
 10760 | D:9      | Killed Maggie
 11090 | D:9      | Found a staircase to the Lair.
 11165 | D:9      | Noticed a catoblepas
 11171 | D:9      | Noticed a two-headed ogre
 11189 | D:9      | Killed a two-headed ogre
 11192 | D:9      | Killed a catoblepas
 11195 | D:9      | Killed a death yak
 11196 | D:9      | Reached XP level 12. HP: 59/108 MP: 15/17
 11274 | D:9      | Reached skill level 10 in Polearms
 12170 | Lair:1   | Entered Level 1 of the Lair of Beasts
 12353 | D:10     | Identified the +1 ring mail "Suqamuid" {rC++}
 12378 | D:10     | Reached skill level 11 in Armour
 12778 | D:11     | Found a runed translucent gate.
 12778 | D:11     | Found a runed translucent gate.
 12778 | D:11     | Found a runed translucent gate.
 12781 | D:11     | Noticed pkoi's ghost (novice DgEE)
 12791 | D:11     | Noticed a minotaur
 12807 | D:11     | HP: 1/108 [minotaur (10)]
 12807 | D:11     | Slain by pkoi's ghost

Illustrated notes

Levels and vault maps discovered:
D:1:      mushboom_english_gardens, layout_loops_ring,
          dilly_ecumenical_altar_fadedgnrine
D:2:      layout_basic
D:3:      layout_basic, pdpol_temple_overflow_zin_treasury_gozag_greed,
          uniq_robin
D:4:      layout_basic, vehumet_statue, slow_altar_1
D:5:      layout_loops_ring, minmay_temple_entry_overgrown,
          portal_sewer_entry_e, hellmonk_ghost_happy_afterlife, uniq_eustachio
D:6:      layout_cave_pods, amcnicky_altar_gilded, enter_ossuary_5,
          uniq_menkaure
D:7:      layout_basic, st_stairs_11, minmay_guarded_unrand_finisher,
          uniq_joseph
D:8:      hellmonk_warped_wall, layout_loops_ring, gammafunk_ghost_arena
D:9:      cheibrodos_ideogram_h, layout_cave_pools, dpeg_lair_monsters,
          minmay_librarian, uniq_maggie, uniq_pikel
D:10:     layout_grid_maze
D:11:     layout_irregular_city, maelrawn_ghost_gauntlet_escape
Lair:1:   layout_long_grid, minivault_26

Skill      XL: |  1  2  3  4  5  6  7  8  9 10 11 12 |
---------------+-------------------------------------+-----
Short Blades   | 1 2 3 |  3.0
Fighting       | 4 5 6 7 9 10 | 10.8
Armour         | 4 5 6 7 9 10 11 | 11.1
Shields        | 4 5 6 7 8 |  8.0
Invocations    | 1 2 4 5 6 8 |  8.3
Maces & Flails | 1 2 4 6 8 |  8.9
Dodging        | 2 |  2.0
Spellcasting   | 1 2 |  2.0
Throwing       | 1 2 |  2.0
Polearms       | 6 9 10 | 10.4
Axes           | |  2.6
Evocations     | |  0.9

Action                   |  1- 3 |  4- 6 |  7- 9 | 10-12 || total
-------------------------+-------+-------+-------+-------++-------
Melee: War axe           |     9 |       |       |       ||     9
       Short sword       |    82 |   102 |       |       ||   184
       Headbutt          |    12 |    19 |    77 |    42 ||   150
       Flail             |       |    23 |   365 |    59 ||   447
       Scythe            |       |       |       |   188 ||   188
       Halberd           |       |       |       |    39 ||    39
Throw: Boomerang         |       |     5 |     1 |     1 ||     7
       Dart              |       |       |       |     1 ||     1
Invok: Wall of Briars    |       |     1 |       |     3 ||     4
       Grow Ballistomyce |       |       |       |     6 ||     6
  Use: Potion            |       |     1 |     7 |     6 ||    14
       Scroll            |       |       |    12 |    10 ||    22
 Stab: Confused          |       |       |       |     2 ||     2
       Petrifying        |       |       |       |     1 ||     1
       Petrified         |       |       |       |     1 ||     1
Armor: Scale mail        |    36 |    63 |   179 |       ||   278
       Plate armour      |       |       |    25 |   212 ||   237
       Ring mail         |       |       |       |    17 ||    17
       Skin              |       |       |       |     8 ||     8
Dodge: Dodged            |    39 |    52 |   156 |   135 ||   382
Block: Buckler           |    14 |    23 |    91 |     9 ||   137
